 Dungeon Crawl Stone Soup version 0.30.1-11-g7821555f0a (webtiles) character file.

Game seed: 4560711889583776801

818 monsoonserge the Ruffian (level 7, -7/70 HPs)
             Began as a Troll Fighter on Nov 16, 2023.
             Killed from afar by an electric eel (13 damage)
             ... with a bolt of electricity
             ... on level 5 of the Dungeon.
             The game lasted 00:07:40 (3549 turns).

monsoonserge the Ruffian (Troll Fighter)            Turns: 3549, Time: 00:07:41

Health: -7/70      AC:  4    Str: 25    XL:     7   Next: 62%
Magic:  6/6        EV:  9    Int:  6    God:
Gold:   119        SH:  8    Dex:  9    Spells: 6/6 levels left

rFire   . .          .
                       - Unarmed
rCold   . . .        b - +0 kite shield
rNeg    . . .        a - +0 robe
rPois   .            (helmet restricted)
rElec   .            (no cloak)
rCorr   .            (gloves unavailable)
SInv    .            (boots unavailable)
Will    .....        (no amulet)
Stlth   +            (no ring)
HPRegen 1.11/turn    (no ring)
MPRegen 0.10/turn

%: no passive effects
@: no status effects
A: large, unfitting armour, claws 3, regeneration 1, shaggy fur 1, tough skin 1
a: no special abilities


You were on level 5 of the Dungeon.
You visited 1 branch of the dungeon, and saw 5 of its levels.

You collected 228 gold pieces.
You spent 109 gold pieces at shops.

Inventory:

Hand Weapons
 j - a +0 sling
Missiles
 h - 17 poisoned darts (quivered)
 o - a throwing net
 r - 5 boomerangs
Armour
 a - a +0 robe (worn)
 b - a +0 kite shield (worn)
Wands
 p - a wand of roots (8)
Scrolls
 d - a scroll of fear {unknown}
 f - a scroll of poison {unknown}
 g - 3 scrolls of noise {unknown}
 i - 3 scrolls of teleportation
 k - 3 scrolls of vulnerability {unknown}
 t - a scroll of acquirement {unknown}
 v - a scroll of silence {unknown}
 w - a scroll of amnesia {unknown}
Potions
 c - a potion of might
 e - 6 potions of degeneration {unknown}
 l - 2 potions of lignification
 m - a potion of haste
 n - a potion of brilliance
 q - a potion of ambrosia
 s - a potion of flight
 u - a potion of mutation {unknown}


   Skills:
 + Level 4.2 Fighting
 - Level 3.0 Dodging
 + Level 4.6 Shields
 * Level 6.1 Unarmed Combat


You had 6 spell levels left.
You didn't know any spells.
Your spell library was empty.

Dungeon Overview and Level Annotations

Branches:
Dungeon (5/15)
 Temple: D:4-7

Altars:
Okawaru

Shops:
D:1 (   D:5 *


Innate Abilities, Weirdness & Mutations

You are too large for most types of armour.
You have claws for hands.
Your natural rate of healing is unusually fast.
You are covered in fur. (AC +1)
You have tough skin. (AC +1)


Message History

The bolt of electricity misses you.
There is an open door here.
The electric eel shoots out a bolt of lightning at you!
The bolt of electricity hits the plant!
The bolt of electricity hits you!
You close the door.
You enter the shallow water.
Things that are here:
a +0 long sword; a +0 chain mail You open the door.
The electric eel shoots out a bolt of lightning at you!
The bolt of electricity hits the plant!
The plant begins to die.
The bolt of electricity hits you!
You close the door.
You start resting.
HP restored.
You open the door.
There are monsters nearby!
The electric eel shoots out a bolt of lightning at you!
The bolt of electricity hits you!
The electric eel shoots out a bolt of lightning at you!
The bolt of electricity hits the plant!
The plant begins to die.
The bolt of electricity misses you.
There is an open door here.
The electric eel shoots out a bolt of lightning at you!
The bolt of electricity hits you!
The electric eel shoots out a bolt of lightning at you!
The bolt of electricity hits you. The bolt of electricity misses you.
The electric eel shoots out a bolt of lightning at you!
The bolt of electricity hits you!
The electric eel shoots out a bolt of lightning at you!
The bolt of electricity hits you!
* * * LOW HITPOINT WARNING * * *
Unknown command.
The electric eel shoots out a bolt of lightning at you!
The bolt of electricity hits the electric eel.
The electric eel completely resists.
The bolt of electricity hits you!
* * * LOW HITPOINT WARNING * * *
The electric eel shoots out a bolt of lightning at you!
The bolt of electricity hits you!
You die...

..#.#########.###......## #.#
.♣....# #...........# #.#
..#.#.# ###########..# #.#
..#.#.# ##~~~~....##..## #.#
..#.#.# ##~########.##..# ...
..#.#.# #.##≈[.~..##~#..# <..
..#.#.# #.#≈≈)P~...#~#.## ###
....#.# #.#≈S......#~#.#
..###.# #~#≈≈.S@..'#.#.#
.####.# ##~##≈S$P..#..#.#
......###~##########.##.#####⌠.
.####.##~##≈??P..##~~##†....+
.# #†#≈S$PP...#~##..#####⌠. .#
#.#≈~SP....#)##.## )#
#.#≈≈$~...+#.##.# .#
##'##≈.....#..##.# .#
#...########.###.#


You could see 3 electric eels.

Vanquished Creatures
  A water moccasin (D:5)
  An orc warrior (D:5)
  A black bear (D:5)
  2 ogres
  3 hounds (D:5)
  An orc priest (D:3)
  An iguana (D:5)
  8 gnolls (D:5)
  6 adders
  A white imp (D:5)
  2 worms (D:2)
  6 orcs
  8 ball pythons
  6 endoplasms
  2 giant cockroaches
  7 goblins
  8 hobgoblins
  7 kobolds
  6 quokkas
  2 bats (D:1)
  3 frilled lizards
  8 rats
90 creatures vanquished.

Notes
Turn   | Place    | Note
-------+----------+-------------------------------------------
     0 | D:1      | monsoonserge the Troll Fighter began the quest for the Orb.
     0 | D:1      | Reached XP level 1. HP: 22/22 MP: 0/0
    16 | D:1      | Found Sadicwot's Weapon Shop.
   214 | D:1      | Reached XP level 2. HP: 17/29 MP: 1/1
   722 | D:2      | Reached XP level 3. HP: 36/36 MP: 2/2
   974 | D:2      | Reached skill level 3 in Unarmed Combat
  1334 | D:3      | Reached XP level 4. HP: 42/44 MP: 3/3
  2110 | D:4      | Noticed an ogre
  2115 | D:4      | Killed an ogre
  2116 | D:4      | Reached skill level 4 in Unarmed Combat
  2116 | D:4      | Reached XP level 5. HP: 9/53 MP: 4/4
  2185 | D:4      | Found an iron altar of Okawaru.
  2944 | D:5      | Entered Level 5 of the Dungeon
  3017 | D:5      | Reached XP level 6. HP: 61/61 MP: 5/5
  3078 | D:5      | Found Taelesatt's Assorted Antiques.
  3089 | D:5      | Noticed a water moccasin
  3098 | D:5      | Killed a water moccasin
  3099 | D:5      | Reached skill level 5 in Unarmed Combat
  3142 | D:5      | Bought a lumpy amethyst potion for 20 gold pieces
  3142 | D:5      | Bought a scroll labelled NAOLIE MO NIUPI for 23 gold pieces
  3142 | D:5      | Bought a red potion for 20 gold pieces
  3142 | D:5      | Bought a scroll labelled HOUXZA VIPYB for 23 gold pieces
  3142 | D:5      | Bought a scroll labelled FEKHOVVOHYONK for 23 gold pieces
  3199 | D:5      | Reached XP level 7. HP: 54/68 MP: 6/6
  3513 | D:5      | Reached skill level 6 in Unarmed Combat
  3549 | D:5      | Killed from afar by an electric eel

Illustrated notes

Levels and vault maps discovered:
D:1:      saegor_arrival_miasma, layout_basic, serial_shops,
          nicolae_shop_behind_doors
D:2:      layout_loops_ring
D:3:      cheibrodos_helix_gallery, layout_loops_ring, st_stairs_14
D:4:      layout_basic, mainiacjoe_overflow_small_starburst,
          corexii_item_surrounded_by_moat
D:5:      cheibrodos_two_vegetables, layout_basic, temple_doors_e, serial_shops,
          nicolae_shop_trees, kennysheep_generic_room_16

Skill      XL: |  1  2  3  4  5  6  7 |
---------------+----------------------+-----
Shields        | 3 4 |  4.6
Unarmed Combat | 3 4 5 6 |  6.1
Fighting       | 3 4 |  4.2
Dodging        | 3 |  3.0

Action                     |  1- 3 |  4- 6 |  7- 9 || total
---------------------------+-------+-------+-------++-------
  Melee: Unarmed           |   108 |   115 |    37 ||   260
  Throw: Dart              |       |     1 |     6 ||     7
    Use: Scroll            |       |     5 |     1 ||     6
 Armour: Robe              |    33 |    26 |     3 ||    62
  Dodge: Dodged            |    37 |    42 |    12 ||    91
  Block: Kite shield       |    36 |    39 |    10 ||    85
